 Dungeon Crawl Stone Soup version 0.31-a0-1027-gfb7600b534 (webtiles) character file.

Game seed: 11236535469199095082

6172 ChronoRanger the Spear-Bearer (level 10, -1/139 HPs)
             Began as a Minotaur Fighter on Nov 18, 2023.
             Was an Elder of Okawaru.
             Slain by an orange demon (8 damage)
             ... summoned by a kobold demonologist
             ... on level 9 of the Dungeon.
             The game lasted 00:15:50 (7624 turns).

ChronoRanger the Spear-Bearer (Minotaur Fighter)    Turns: 7624, Time: 00:15:50

Health: -1/139     AC: 14    Str: 24    XL:     10   Next: 60%
Magic:  9/9        EV: 13    Int:  5    God:    Okawaru [****..]
Gold:   107        SH:  5    Dex: 11    Spells: 9/9 levels left

rFire   . . .        r - +2 trident (drain)
rCold   . . .        c - +0 buckler
rNeg    + . .        i - +0 chain mail
rPois   .            (helmet restricted)
rElec   .            B - +1 cloak
rCorr   .            (no gloves)
SInv    .            (no boots)
Will    .....        (no amulet) Stlth
                     G - ring of Daiciur {rN+ Stlth+}
HPRegen 0.43/turn    y - +5 ring of evasion
MPRegen 0.11/turn

%: no passive effects
@: berserking, spiked, very quick
A: horns 2, retaliatory headbutt
a: Renounce Religion, Heroism, Finesse


You were on level 9 of the Dungeon.
You worshipped Okawaru.
Okawaru was greatly pleased with you.
You visited 2 branches of the dungeon, and saw 10 of its levels.
You also visited: Sewer.

You collected 419 gold pieces.
You spent 312 gold pieces at shops.

Inventory:

Hand Weapons
 a - a +1 trident of flaming
 r - a +2 trident of draining (weapon)
Missiles
 h - a throwing net
Armour
 c - a +0 buckler (worn)
 i - a +0 chain mail (worn)
 B - a +1 cloak (worn)
Jewellery
 t - a ring of positive energy
 y - a +5 ring of evasion (right hand)
 G - the ring of Daiciur (left hand) {rN+ Stlth+}
   (You acquired it on level 6 of the Dungeon)

   [ring of positive energy]

   rN+:       It protects you from negative energy.
   Stlth+:    It makes you more stealthy.
Wands
 j - a wand of flame (6)
 q - a wand of paralysis (8)
 A - a wand of polymorph (9)
Scrolls
 b - a scroll of amnesia
 k - 3 scrolls of brand weapon
 l - 4 scrolls of enchant weapon
 o - a scroll of identify
 p - a scroll of immolation
 s - 2 scrolls of teleportation
Potions
 d - a potion of might
 e - a potion of ambrosia
 f - 2 potions of haste
 g - 4 potions of curing
 n - 2 potions of heal wounds
 u - a potion of resistance
 w - 3 potions of mutation
 x - 2 potions of brilliance
 E - 2 potions of invisibility
 F - 2 potions of magic {unknown}
 K - a potion of lignification {unknown}


   Skills:
 + Level 10.1 Fighting
 * Level 13.4 Polearms
 + Level 10.2 Armour
 - Level 5.0 Shields


You had 9 spell levels left.
You didn't know any spells.
Your spell library contained the following spells:

 Spells                   Type           Power      Damage    Failure   Level
 Necrotise                Necr           0%         1d4       95%         1
 Sting                    Tmut/Pois      0%         1d3       95%         1
 Cigotuvi's Dreadful Rot  Necr/Pois/Air  0%         N/A       99%         2
 Wereblood                Tmut           0%         N/A       99%         2
 Ignite Poison            Fire/Tmut/Pois 0%         N/A       100%        3
 Vampiric Draining        Necr           0%         2d6       100%        3
 Fulminant Prism          Conj/Hex       0%         3d5       100%        4
 Agony                    Necr           0%         N/A       100%        5
 Freezing Cloud           Conj/Ice/Air   0%         6-21      100%        5
 Irradiate                Conj/Tmut      0%         3d11      100%        5
 Tukima's Dance           Hex            Unusable   N/A       N/A         3

Dungeon Overview and Level Annotations

Branches:
Dungeon (9/15)             Temple (1/1) D:5            Lair (0/5) D:8
  Sewer (visited)
    Orc: D:9-12

Altars:
Ashenzari
Cheibriados
Dithmenos
Elyvilon
Fedhas
Gozag
Hepliaklqana
Kikubaaqudgha
Makhleb
Nemelex Xobeh
Okawaru
Ru
Sif Muna
Trog
Uskayaw
Wu Jian
Xom
Yredelemnul
Zin
The Shining One

Shops:
D:3 *(?   D:6 :   D:7 !


Innate Abilities, Weirdness & Mutations

You have a pair of horns on your head.
You reflexively headbutt those who attack you in melee.


Message History

* * * LOW HITPOINT WARNING * * *
A red film seems to cover your vision as you go berserk!
You feel yourself moving faster!
You feel mighty! The red devil closely misses you.
The kobold brigand completely misses you.
The kobold hits something with a +0 club.
You block the kobold demonologist's attack.
The sun demon hits you!!
* * * LOW HITPOINT WARNING * * *
You are engulfed in flames!
* * * LOW HITPOINT WARNING * * *
You hit the kobold demonologist. You drain the kobold demonologist.
The kobold demonologist is severely wounded.
The red devil hits you from afar with a +2 demon trident of freezing.
* * * LOW HITPOINT WARNING * * *
Barbed spikes become lodged in your body.
The red devil freezes you.
* * * LOW HITPOINT WARNING * * *
You hit the kobold demonologist. You headbutt the kobold demonologist!
You kill the kobold demonologist!
Okawaru accepts your kill.
The red devil disappears in a puff of smoke!
The sun demon disappears in a puff of smoke!
You block the kobold brigand's attack.
You puncture the kobold demonologist!
Your headbutt misses the kobold demonologist.
The kobold demonologist is heavily wounded.
You barely miss the kobold demonologist.
The kobold demonologist is heavily wounded.
The kobold brigand hits you but does no damage.
The kobold demonologist hits you but does no damage.
You miss the kobold demonologist.
The kobold demonologist is heavily wounded.
You miss the kobold demonologist.
The kobold demonologist is heavily wounded.
You barely miss the kobold demonologist.
You headbutt the kobold demonologist.
The kobold demonologist is heavily wounded.
The orange demon stings you from afar!
You die...

§≈.......
#...[......+......
.≈..[....
#..........#......
.≈.......
##..........#......
.........
............# ..
.........
####..♣.....# ...
#...♣...#####....
###+##.....)..........
.....§K)P♣♣P......>...
##....K@♣~.~..♣.....[.
#....K♣~~~♣~..../....
#....4P~♣~~..........
#......D~~~♣†........
##......~~~~~........
#........~~.........
##.....♣.P.....[....
#....#P....#......
...##P..........


You could see an orange demon (summoned), a kobold demonologist, a steam dragon,
a kobold brigand and a kobold.

Vanquished Creatures
  Pikel (D:9)
  Jeremiah (D:6)
  A kobold demonologist (D:9)
  Prince Ribbit (D:6)
  A wyvern (D:8)
  10 yaks
  Edmund (D:4)
  An acid dragon (D:9)
  Duvessa (D:6)
  2 water moccasins
  3 ice beasts (D:6)
  5 orc warriors
  A sky beast (D:7)
  2 ogres
  3 lemures (D:9)
  A phantom (D:4)
  3 kobold brigands
  A bullfrog (D:8)
  2 scorpions (D:6)
  8 wights
  Dowan (D:6)
  2 howler monkeys
  An electric eel (D:9)
  3 hounds
  2 jellies
  5 orc priests
  2 iguanas
  3 sleepcaps
  8 orc wizards
  8 gnolls
  3 adders
  A white imp (D:6)
  5 worms
  24 orcs
  8 ball pythons
  3 bats
  8 endoplasms
  4 giant cockroaches
  4 goblins
  6 hobgoblins
  23 kobolds
  5 quokkas
  4 frilled lizards
  6 rats
188 creatures vanquished.

Notes
Turn   | Place    | Note
-------+----------+-------------------------------------------
     0 | D:1      | ChronoRanger the Minotaur Fighter began the quest for the
                  | Orb.
     0 | D:1      | Reached XP level 1. HP: 19/19 MP: 0/0
   100 | D:1      | Reached XP level 2. HP: 27/27 MP: 1/1
   105 | D:1      | Reached skill level 3 in Polearms
   744 | D:2      | Reached XP level 3. HP: 33/33 MP: 2/2
   895 | D:2      | Reached XP level 4. HP: 39/40 MP: 3/3
  1150 | D:2      | Found a faded altar of an unknown god.
  1260 | D:2      | Reached skill level 4 in Polearms
  1862 | D:3      | Found Bethriani's Magic Scroll Boutique.
  1867 | D:3      | Bought a scroll of identify for 24 gold pieces
  1867 | D:3      | Bought a scroll of identify for 24 gold pieces
  1867 | D:3      | Bought a scroll of immolation for 48 gold pieces
  1867 | D:3      | Bought a scroll of teleportation for 36 gold pieces
  1948 | D:3      | Found Toerafih's Antique Weapon Shoppe.
  1958 | D:3      | Found Doottete's Assorted Antiques.
  1970 | D:3      | Found a broken altar of Ashenzari.
  2289 | D:4      | Reached XP level 5. HP: 41/47 MP: 4/4
  2331 | D:4      | Noticed an orc warrior
  2333 | D:4      | Noticed an ogre
  2335 | D:4      | Noticed Edmund
  2361 | D:3      | HP: 1/47 [orc warrior/+0 war axe (10)]
  2362 | D:3      | Killed an orc warrior
  2363 | D:3      | Reached skill level 5 in Polearms
  2680 | D:4      | Noticed a phantom
  2688 | D:4      | Killed a phantom
  2689 | D:4      | Reached skill level 5 in Shields
  2689 | D:4      | Reached XP level 6. HP: 42/55 MP: 5/5
  2767 | D:4      | Reached skill level 5 in Fighting
  2767 | D:4      | Reached skill level 5 in Armour
  3149 | D:4      | Found a glowing silver altar of Zin.
  3149 | D:4      | Found a shadowy altar of Dithmenos.
  3175 | D:4      | Killed Edmund
  3176 | D:4      | Reached skill level 6 in Polearms
  3273 | D:4      | Found a sparkling altar of Nemelex Xobeh.
  3282 | D:4      | Reached XP level 7. HP: 17/61 MP: 6/6
  3507 | D:5      | Identified the "Hokkok"
  3507 | D:5      | Entered Level 5 of the Dungeon
  3634 | D:5      | Reached skill level 7 in Polearms
  3683 | D:5      | Found a staircase to the Ecumenical Temple.
  3724 | Temple   | Entered the Ecumenical Temple
  3746 | Temple   | Became a worshipper of Warmaster Okawaru
  4037 | D:5      | Found a glowing drain.
  4063 | Sewer    | Entered a sewer
  4257 | Sewer    | Reached XP level 8. HP: 69/71 MP: 7/7
  4309 | Sewer    | Reached skill level 8 in Polearms
  4591 | D:6      | Reached * piety under Okawaru
  4592 | D:6      | Reached skill level 9 in Polearms
  4620 | D:6      | Reached XP level 9. HP: 27/80 MP: 8/8
  4621 | D:6      | Reached ** piety under Okawaru
  4622 | D:6      | Reached skill level 10 in Polearms
  4880 | D:6      | Found Qarofav's Vocational Training.
  5094 | D:6      | Noticed Jeremiah
  5098 | D:6      | Noticed Duvessa
  5098 | D:6      | Noticed Dowan
  5126 | D:6      | Killed Duvessa
  5127 | D:6      | Reached skill level 11 in Polearms
  5128 | D:6      | Killed Dowan
  5145 | D:6      | Killed Jeremiah
  5348 | D:6      | Noticed Prince Ribbit
  5352 | D:6      | Killed Prince Ribbit
  5352 | D:6      | Reached *** piety under Okawaru
  5471 | D:6      | Identified a scroll of acquirement
  5471 | D:6      | Acquired the ring of Daiciur {rN+ Stlth+}
  5688 | D:7      | You fall into a shaft and drop 2 floors!
  5688 | D:9      | Found a snail-covered altar of Cheibriados.
  5858 | D:8      | Reached skill level 12 in Polearms
  6292 | D:7      | Reached XP level 10. HP: 87/91 MP: 9/9
  6393 | D:7      | Found Dituix's Distillery.
  6397 | D:7      | Bought a potion of berserk rage for 60 gold pieces
  6397 | D:7      | Bought a potion of heal wounds for 60 gold pieces
  6397 | D:7      | Bought a potion of heal wounds for 60 gold pieces
  6511 | D:7      | Reached **** piety under Okawaru
  6940 | D:8      | Found a staircase to the Lair.
  7270 | D:8      | Reached skill level 13 in Polearms
  7539 | D:9      | Noticed Pikel
  7572 | D:9      | Killed Pikel
  7573 | D:9      | Reached skill level 10 in Fighting
  7573 | D:9      | Reached skill level 10 in Armour
  7609 | D:9      | Noticed a sun demon
  7618 | D:9      | HP: 6/139 [red devil/+2 demon trident of freezing[a kobold
                  | demonologist] (1)]
  7620 | D:9      | Noticed an orange demon
  7624 | D:9      | Slain by an orange demon

Illustrated notes

Levels and vault maps discovered:
D:1:      minmay_arrival_wavy_path, layout_rooms, hangedman_feature_mirror,
          minmay_misc_feat_pillars, lemuel_flame_loot_1
D:2:      layout_loops_corners, dreamdust_ecumenical_altar_grove
D:3:      layout_basic, nicolae_ashenzari_skybound, serial_shops, shop,
          nicolae_shop_tiny_statue_garden, nicolae_shop_scrapyard
D:4:      layout_cave_pools, nemelex_dance_club_becter,
          gammafunk_temple_overflow_elements, uniq_edmund
D:5:      layout_rooms, minmay_temple_entry_offerings,
          cheibrodos_sewer_entry_bend, chequers_serial_rivers_large_b
D:6:      layout_rooms, nicolae_shop_vocational, uniq_jeremiah, uniq_duvessa,
          uniq_prince_ribbit1
D:7:      layout_basic, serial_shops, nicolae_shop_window_shopping,
          kennysheep_generic_room_15
D:8:      layout_basic, dpeg_oklobed_lair
D:9:      layout_irregular_city, mainiacjoe_overflow_large_starburst,
          david_orc_1_choice, serial_bayou, serial_bayou_ford_a,
          serial_bayou_crossing, serial_bayou_shore_a, serial_bayou_pond_a,
          minivault_13, uniq_pikel
Temple:   hellmonk_temple_two_chambers

Skill      XL: |  1  2  3  4  5  6  7  8  9 10 |
---------------+-------------------------------+-----
Polearms       | 3 4 5 6 7 9 12 13 | 13.4
Fighting       | 4 5 6 7 9 10 | 10.1
Armour         | 4 5 6 7 9 10 | 10.2
Shields        | 4 5 |  5.0

Action                     |  1- 3 |  4- 6 |  7- 9 | 10-12 || total
---------------------------+-------+-------+-------+-------++-------
  Melee: Trident           |    62 |   135 |   273 |   140 ||   610
         Headbutt          |     5 |    21 |    41 |    31 ||    98
         Unarmed           |       |     4 |       |       ||     4
  Evoke: Wand              |       |       |     3 |       ||     3
    Use: Scroll            |       |     5 |    18 |     1 ||    24
         Potion            |       |     1 |     3 |     1 ||     5
 Armour: Scale mail        |    17 |    47 |    78 |       ||   142
         Skin              |       |     2 |       |       ||     2
         Chain mail        |       |       |    29 |    53 ||    82
  Dodge: Dodged            |    18 |    39 |    96 |    34 ||   187
  Block: Buckler           |     8 |    21 |    40 |    20 ||    89

Table legend: (Time is in decaauts)
 A = Elapsed time spent in this place.
 B = Non-inter-level travel time spent in this place.
 C = Inter-level travel time spent in this place.
 D = Time resting spent in this place.
 E = Time spent auto-exploring this place.
 F = Levels seen in this place.
 G = Mean time per level.
                   A        B        C        D        E       F      G
               +--------+--------+--------+--------+--------+-----+--------+
         Total |   7644 |   7335 |    309 |    497 |   5360 |  11 |  694.9 |
       Dungeon |   7334 |   7030 |    304 |    497 |   5157 |   9 |  814.9 |
        Temple |     28 |     23 |      5 |      0 |      0 |   1 |   28.0 |
         Sewer |    281 |    281 |      0 |      0 |    202 |   1 |  281.0 |
               +--------+--------+--------+--------+--------+-----+--------+

Top non-repeatable levels by time:
     D:3: 1153 daAuts
     D:6: 1113 daAuts
     D:7: 945 daAuts
     D:2: 845 daAuts
     D:4: 830 daAuts
     D:5: 771 daAuts
     D:8: 726 daAuts
     D:1: 688 daAuts
   Sewer: 281 daAuts
     D:9: 259 daAuts
  Temple: 28 daAuts
